 Dungeon Crawl Stone Soup version 0.29.1-15-g9cfb28693d (webtiles) character file.

Game seed: 10852620710436354500

114 javelincjr the Magician (level 5, -4/36 HPs)
             Began as a Djinni Conjurer on Feb 21, 2023.
             Slain by Ijyb
             ... wielding a +3 dagger of speed
              (9 damage)
             ... on level 3 of the Dungeon.
             The game lasted 00:08:36 (2481 turns).

javelincjr the Magician (Djinni Conjurer)           Turns: 2481, Time: 00:08:37

Health: -4/36      AC:  2    Str:  8    XL:     5   Next: 18%
Gold:   105        EV: 13    Int: 19    God:
                   SH:  0    Dex: 12

rFire   + + .      SeeInvis .   b - +0 dagger
rCold   x . .      Faith    .   e - orb {*Rage}
rNeg    . . .      Spirit   .   a - +0 robe
rPois   ∞          Reflect  .   (no helmet)
rElec   .          Harm     .   (no cloak)
rCorr   .          Rampage  .   (no gloves)
Will    .....      Rage     20% (boots unavailable)
Stlth   +.........              (no amulet)
HPRegen 0.12/turn               (no ring)
MPRegen 0.00/turn               (no ring)

@: confused, ambrosia-drunk, flying
A: sickness immunity, fire resistance 2, cold vulnerability 1, float, innate
caster, HP casting, extra vitality 1
a: no special abilities


You were on level 3 of the Dungeon.
You visited 1 branch of the dungeon, and saw 3 of its levels.

You collected 105 gold pieces.

Inventory:

Hand Weapons
 b - a +0 dagger (weapon)
Missiles
 s - 4 silver javelins
Armour
 a - a +0 robe (worn)
 e - an orb of wrath (worn)
Scrolls
 f - a scroll of noise {unknown}
 g - 3 scrolls of identify {unknown}
 i - a scroll of enchant armour {unknown}
 k - a scroll of brand weapon {unknown}
 l - 2 scrolls of teleportation {unknown}
 n - a scroll of butterflies {unknown}
 p - a scroll of vulnerability {unknown}
 r - a scroll of blinking {unknown}
Potions
 d - 2 potions of flight {unknown}
 h - a potion of degeneration {unknown}
 j - 2 potions of heal wounds {unknown}
 m - a potion of curing {unknown}
 o - 2 potions of might {unknown}
 q - a potion of attraction {unknown}


   Skills:
 * Level 0.4 Fighting
 + Level 0.4 Armour
 + Level 3.4 Dodging
 + Level 2.7 Stealth
 * Level 3.8 Spellcasting


You couldn't memorise any spells.
You knew the following spells:

 Your Spells              Type           Power      Damage    Failure   Level
a - Magic Dart            Conj           72%        1d6       3%          1
b - Searing Ray           Conj           36%        2d5       4%          2
c - Dazzling Flash        Conj/Hex       36%        N/A       9%          3
d - Fulminant Prism       Conj/Hex       9%         3d7       28%         4
e - Iskenderun's Mystic   Conj/Tloc      18%        2d6       28%         4
f - Sandblast             Erth           36%        2d10      3%          1
g - Call Imp              Summ           18%        N/A       4%          2
Your spell library was empty.

Dungeon Overview and Level Annotations

Branches:
Dungeon (3/15)

Altars:

Shops:
D:1 (

Annotations:
D:3 Ijyb, Sigmund


Innate Abilities, Weirdness & Mutations

You are immune to sickness and miasma.
You are immune to poison.
Your flesh is very heat resistant. (rF++)
You are vulnerable to cold. (rC-)
You float through the air rather than walking.
You learn spells naturally, not from books.
Your magical power is your life essence.
You have superior vitality. (+4 MHP)


Message History

Ijyb is heavily wounded.
The searing ray hits Ijyb.
Ijyb is heavily wounded.
You finish channelling your searing ray.
Ijyb hits you with a +3 dagger of speed.
Casting: Searing Ray (safe; 4% risk of failure)
Confirm with . or Enter, or press ? or * to list all spells.
Aiming: Searing Ray (safe; 4% risk of failure)
Press: ? - help, Shift-Dir - straight line, f/p - Ijyb
Aim: Ijyb, wielding a +3 dagger of speed, wearing a +0 leather armour and carrying a wand of paralysis (11) (heavily wounded, 72% to hit)
The searing ray hits Ijyb but does no damage.
Ijyb is heavily wounded. (Press . to maintain the ray.) Ijyb hits you with a +3 dagger of speed.
Ijyb zaps a wand.
You suddenly lose the ability to move!
Ijyb zaps a wand.
You resist with some effort.
Ijyb hits you with a +3 dagger of speed.
You can move again.
Ijyb hits you with a +3 dagger of speed.
Casting: Searing Ray (safe; 4% risk of failure)
Confirm with . or Enter, or press ? or * to list all spells.
Aiming: Searing Ray (safe; 4% risk of failure)
Press: ? - help, Shift-Dir - straight line, f/p - Ijyb
Aim: Ijyb, wielding a +3 dagger of speed, wearing a +0 leather armour and carrying a wand of paralysis (9) (heavily wounded, 72% to hit)
The searing ray hits Ijyb.
Ijyb is severely wounded. (Press . to maintain the ray.)
* * * LOW HITPOINT WARNING * * *
Ijyb closely misses you.
Ijyb zaps a wand.
You suddenly lose the ability to move!
Ijyb hits you with a +3 dagger of speed.
* * * LOW HITPOINT WARNING * * *
Ijyb hits you with a +3 dagger of speed.
* * * LOW HITPOINT WARNING * * *
You can move again.
It was a potion of ambrosia.
You are confused.
You feel invigorated.
Ijyb hits you with a +3 dagger of speed!
You die...

. .. ###### #.# ...
#<#.. #.# .... #.#.#
#.# .....##.#.# #.#
#......)..# #.#
#.#####...# #.# #
#.......#####.#.###.)
...............@g......
#.#.......##....#.###.#
#.####.###....# # #.
#.# #....# # #.# #....#
#.# #....# #.# #....#
#. #....# #...[# ...


You could see Ijyb.

Vanquished Creatures
  A jelly (D:1)
  An adder (D:2)
  3 worms
  2 dart slugs (D:1)
  3 bats
  7 endoplasms
  6 giant cockroaches
  8 hobgoblins
  5 jackals
  2 kobolds
  2 quokkas (D:1)
  A ball python (D:2)
  2 frilled lizards (D:1)
  3 goblins
  11 rats
57 creatures vanquished.

Notes
Turn   | Place    | Note
-------+----------+-------------------------------------------
     0 | D:1      | javelincjr the Djinni Conjurer began the quest for the Orb.
     0 | D:1      | javelincjr set off with the following spells memorised:
                  | Magic Dart, Searing Ray, Dazzling Flash, Fulminant Prism,
                  | Iskenderun's Mystic Blast.
     0 | D:1      | Reached XP level 1. HP: 15/15 MP: 0/0
     3 | D:1      | Found a runed translucent door.
     5 | D:1      | Noticed a jelly
   187 | D:1      | Reached XP level 2. HP: 13/21 MP: 0/0
   633 | D:1      | Found Dyuj's Antique Weapon Boutique.
   784 | D:1      | Reached XP level 3. HP: 24/25 MP: 0/0
   784 | D:1      | Learned a level 1 spell: Sandblast
  1209 | D:1      | Reached XP level 4. HP: 18/31 MP: 0/0
  1788 | D:2      | Reached XP level 5. HP: 32/36 MP: 0/0
  1788 | D:2      | Learned a level 2 spell: Call Imp
  2376 | D:3      | Noticed Sigmund
  2465 | D:3      | Noticed Ijyb
  2474 | D:3      | Paralysed by Ijyb for 3 turns
  2478 | D:3      | Paralysed by Ijyb for 3 turns
  2480 | D:3      | HP: 1/36 [Ijyb/+3 dagger of speed (6)]
  2481 | D:3      | Slain by Ijyb

Illustrated notes

Levels and vault maps discovered:
D:1:      dpeg_arrival_caged_fury, layout_loops_ring, serial_shops,
          nicolae_diamond_shop, wad_floor_pattern_untrapped,
          minmay_tree_intersection
D:2:      cheibrodos_helix_gallery, layout_basic
D:3:      layout_basic, vehumet_altar_wand_db, uniq_ijyb, uniq_sigmund

Skill      XL: |  1  2  3 |
---------------+----------+-----
Stealth        | 2 |  2.7
Dodging        | 3 |  3.4
Fighting       | |  0.4
Armour         | |  0.4
Spellcasting   | |  3.8

Action                   |  1- 3 |  4- 6 || total
-------------------------+-------+-------++-------
 Cast: Magic Dart        |    41 |    45 ||    86
       Searing Ray       |     1 |     9 ||    10
  Use: Potion            |       |     1 ||     1
Armor: Robe              |     1 |       ||     1
Dodge: Dodged            |     4 |     2 ||     6
